 Dungeon Crawl Stone Soup version 0.21-a0-471-gd587bd5 (webtiles) character file.

78 kae the Digger (level 4, -1/24 HPs)
             Began as a Gargoyle Earth Elementalist on Nov 21, 2017.
             Killed from afar by an orc wizard (6 damage)
             ... with a puff of flame
             ... on level 3 of the Dungeon.
             The game lasted 00:02:30 (2530 turns).

kae the Digger (Gargoyle Earth Elementalist)        Turns: 2530, Time: 00:02:30

Health: -1/24      AC:  6    Str: 11      XL:     4   Next: 36%
Magic:  4/8        EV: 12    Int: 14 (17) God:
Gold:   125        SH:  0    Dex:  8 (10) Spells: 5/9 levels left

rFire    . . .     SeeInvis .   h - +0 mace
rCold    . . .     Gourm    .   (no shield)
rNeg     + . .     Faith    .   c - +0 robe
rPois    ∞         Spirit   .   j - +0 helmet
rElec    +         Reflect  .   (no cloak)
rCorr    .         Harm     .   (no gloves)
MR       .....                  (no boots)
Stlth    ++........             (no amulet)
HPRegen  0.08/turn              (no ring)
MPRegen  0.11/turn              (no ring)

@: no status effects
A: negative energy resistance 1, electricity resistance, unbreathing,
petrification resistance, rot immunity, AC +3
a: no special abilities


You were on level 3 of the Dungeon.
You were hungry.

You visited 1 branch of the dungeon, and saw 3 of its levels.

You collected 125 gold pieces.

Inventory:

Hand Weapons
 h - a +0 mace (weapon)
Missiles
 b - 51 stones (quivered)
 f - a throwing net
Armour
 c - a +0 robe (worn)
 j - a +0 helmet (worn)
Jewellery
 n - a +6 amulet of reflection {unknown}
Wands
 o - a wand of digging (5)
Potions
 a - a potion of resistance {unknown}
 i - a potion of brilliance {unknown}
 k - a potion of might {unknown}
 p - 3 potions of heal wounds
Books
 e - a book of Geomancy

   Spells                             Type                      Level
   a - Sandblast                      Earth                        1
   b - Passwall                       Transmutation/Earth          2
   c - Stone Arrow                    Conjuration/Earth            3
   d - Petrify                        Transmutation/Earth          4
   e - Lee's Rapid Deconstruction     Earth                        5
Comestibles
 d - a bread ration


   Skills:
 + Level 0.0 Fighting
 + Level 1.5 Dodging
 - Level 2.1 Stealth
 * Level 3.2 Spellcasting
 * Level 0.0 Conjurations
   Level 0.7 Transmutations
 * Level 5.0 Earth Magic


You had 5 spell levels left.
You knew the following spells:

 Your Spells              Type           Power        Failure   Level  Hunger
a - Sandblast             Erth           ###...       2%          1    #......
b - Stone Arrow           Conj/Erth      #.....       22%         3    ###....


Dungeon Overview and Level Annotations

Branches:
Dungeon (3/15)

Altars:


Innate Abilities, Weirdness & Mutations

You are resistant to torment.
Your stone body is resilient. (AC +3)
You are immune to poison.
You resist negative energy. (rN+)
You are resistant to electric shocks. (rElec)
You can survive without breathing.
You are immune to petrification.
You are immune to rotting.


Message History

The orc wizard flickers and vanishes!
Deactivating autopickup; reactivate with Ctrl-A.
You start resting.
There is a strange disturbance nearby!
You barely miss something. Something hits you.
Casting: Sandblast
Confirm with . or Enter, or press ? or * to list all spells.
Aiming: Stone Arrow
Press: ? - help, Shift-Dir - straight line Something hits you.
* * * LOW HITPOINT WARNING * * *
Casting: Stone Arrow
Confirm with . or Enter, or press ? or * to list all spells.
Aiming: Sandblast
Press: ? - help, Shift-Dir - straight line
b - 51 stones You hear some strange, mumbled words.
A puff of flame appears from out of thin air!
The puff of flame hits you!
You die...

#########
############@......##
....{.....##{####.#.########
#..######....# #.###.......#
####.# ##.#.######.# #.#
##.### .## #.# #...####...#
#.# #.#......... #.#
#...####...# # #.# ##.##
#.##


There were no monsters in sight!

Vanquished Creatures
  3 adders
  An ooze (D:3)
  3 worms
  A dart slug (D:1)
  An orc (D:3)
  3 ball pythons
  3 bats (D:1)
  3 giant cockroaches
  3 goblins
  2 hobgoblins (D:1)
  6 kobolds
  A quokka (D:3)
  2 frilled lizards
  4 rats
36 creatures vanquished.

Notes
Turn   | Place    | Note
-------+----------+-------------------------------------------
     0 | D:1      | kae the Gargoyle Earth Elementalist began the quest for the Orb.
     0 | D:1      | Reached XP level 1. HP: 10/10 MP: 3/3
   216 | D:1      | Reached XP level 2. HP: 9/15 MP: 0/5
   232 | D:1      | Reached skill level 4 in Earth Magic
  1080 | D:1      | Reached XP level 3. HP: 17/19 MP: 6/6
  2208 | D:3      | Reached XP level 4. HP: 11/24 MP: 5/8
  2398 | D:3      | Reached skill level 5 in Earth Magic
  2403 | D:3      | Learned a level 3 spell: Stone Arrow
  2530 | D:3      | Killed from afar by an orc wizard

Vault maps used:
D:1:      ncdulo_lavacross
D:3:      gammafunk_temple_overflow_claw, cheibrodos_ashenzari_chains

Skill      XL: |  1  2  3  4 |
---------------+-------------+-----
Earth Magic    | 4 5 |  5.0
Spellcasting   | 3 |  3.2
Dodging        | |  1.5
Stealth        | |  2.1
Transmutations | |  0.7

Action                   |  1- 3 |  4- 6 || total
-------------------------+-------+-------++-------
Melee: Unarmed           |    47 |       ||    47
       Mace              |    77 |    11 ||    88
 Cast: Sandblast         |    14 |    11 ||    25
       Stone Arrow       |       |     1 ||     1
  Use: Potion            |     1 |       ||     1
       Scroll            |     5 |       ||     5
 Stab: Sleeping          |     1 |       ||     1
  Eat: Chunk             |     2 |     1 ||     3
       Royal jelly       |     1 |       ||     1
Armor: Robe              |    61 |     3 ||    64
Dodge: Dodged            |   134 |     5 ||   139

Table legend:
 A = Spawn XP
 B = Non-spawn XP
 C = Spawn XP percentage of total XP
 D = Spawn monster count
 E = Non-spawn monster count
 F = Spawn count percentage of total count
 G = Total turns spent on level
                    A         B        C        D         E        F      G
               +---------+---------+-------+---------+---------+-------+---------
         Total |       0 |     112 |   0.0 |       0 |      36 |   0.0 |  2530
               +---------+---------+-------+---------+---------+-------+---------
           D:1 |       0 |      35 |   0.0 |       0 |      20 |   0.0 |  1156
           D:2 |       0 |      43 |   0.0 |       0 |       9 |   0.0 |  1039
           D:3 |       0 |      34 |   0.0 |       0 |       7 |   0.0 |   335
               +---------+---------+-------+---------+---------+-------+---------
